 Dungeon Crawl Stone Soup version 0.30-a0-918-g0ff054e9dc (webtiles) character file.

Game seed: 15136551976297604718

134 cforsyth the Shield-Bearer (level 5, -4/42 HPs)
             Began as a Human Fighter on Mar 21, 2023.
             Slain by a gnoll bouda
             ... wielding a +0 whip
              (6 damage)
             ... on level 2 of the Dungeon.
             The game lasted 00:03:31 (3300 turns).

cforsyth the Shield-Bearer (Human Fighter)          Turns: 3300, Time: 00:03:31

Health: -4/42      AC: 11    Str: 18    XL:     5   Next: 40%
Magic:  5/5        EV:  9    Int:  9    God:
Gold:   136        SH:  5    Dex: 12    Spells: 4/4 levels left

rFire   . . .      SeeInvis .    a - +0 flail
rCold   . . .      Faith    .    c - +0 buckler
rNeg    . . .      Spirit   .    b - +0 scale mail
rPois   .          Reflect  .    p - +2 helmet
rElec   .          Rampage  .    (no cloak)
rCorr   .                        (no gloves)
Will    .....                    h - +0 pair of boots Stlth
                                 (no amulet)
HPRegen 0.27/turn                (no ring)
MPRegen 0.09/turn                (no ring)

@: weakened
A: no striking features
a: no special abilities


You were on level 2 of the Dungeon.
You visited 1 branch of the dungeon, and saw 3 of its levels.

You collected 136 gold pieces.

Inventory:

Hand Weapons
 a - a +0 flail (weapon)
Armour
 b - a +0 scale mail (worn)
 c - a +0 buckler (worn)
 h - a +0 pair of boots (worn)
 p - a +2 helmet (worn)
Jewellery
 f - an amulet of the acrobat
 n - an amulet of magic regeneration
Scrolls
 e - a scroll of blinking {unknown}
 g - 3 scrolls of identify {unknown}
 j - 2 scrolls of amnesia {unknown}
 k - a scroll of teleportation {unknown}
 l - 2 scrolls of magic mapping {unknown}
Potions
 d - a potion of might
 i - a potion of degeneration {unknown}
 m - a potion of heal wounds {unknown}
 o - a potion of attraction {unknown}
 q - a potion of invisibility {unknown}


   Skills:
 + Level 3.8 Fighting
 + Level 3.0 Maces & Flails
 + Level 3.8 Armour
 + Level 3.9 Shields


You had 4 spell levels left.
You didn't know any spells.
Your spell library contained the following spells:

 Spells                   Type           Power      Damage    Failure   Level
 Apportation              Tloc           0%         N/A       86%         1
 Necrotise                Necr           0%         1d4       86%         1
 Sandblast                Erth           0%         2d4       86%         1
 Summon Small Mammal      Summ           0%         N/A       86%         1
 Blink                    Tloc           0%         N/A       94%         2
 Lesser Beckoning         Tloc           0%         N/A       94%         2
 Momentum Strike          Conj/Tloc      0%         3d8       94%         2
 Passwall                 Tmut/Erth      0%         N/A       94%         2
 Stone Arrow              Conj/Erth      0%         3d7       99%         3


Dungeon Overview and Level Annotations

Branches:
Dungeon (3/15)

Altars:
Qazlal

Annotations:
D:3 1 runed translucent door, bande's ghost, amateur GrFi


Message History

You climb upwards.
There is a stone staircase leading down here.
You closely miss the gnoll bouda.
The gnoll bouda is lightly wounded.
You block the gnoll bouda's attack.
You hit the gnoll bouda.
The gnoll bouda is lightly wounded.
The gnoll bouda hits you with a +0 whip.
The gnoll bouda barely misses you.
You sock the gnoll bouda!
The gnoll bouda is heavily wounded.
The gnoll bouda gazes fiercely through you!
You feel as though you will be weak longer.
You block the gnoll bouda's attack.
You hit the gnoll bouda.
The gnoll bouda is severely wounded.
The gnoll bouda gazes fiercely through you!
You feel as though you will be weak longer.
The gnoll bouda hits you with a +0 whip.
You hit the gnoll bouda but do no damage.
The gnoll bouda is severely wounded.
The gnoll bouda hits you but does no damage.
The gnoll bouda hits you with a +0 whip!
* * * LOW HITPOINT WARNING * * *
You hit the gnoll bouda.
The gnoll bouda is almost dead.
The gnoll bouda gazes fiercely through you!
You feel as though you will be weak longer.
The gnoll bouda hits you but does no damage.
You hit the gnoll bouda but do no damage.
The gnoll bouda is almost dead.
The gnoll bouda hits you with a +0 whip.
* * * LOW HITPOINT WARNING * * *
Unknown command.
You hit the gnoll bouda.
The gnoll bouda is almost dead.
The gnoll bouda gazes fiercely through you!
You feel as though you will be weak longer.
The gnoll bouda hits you with a +0 whip.
You die...

#####..#.# #.# #.#
....#..#.#####.###.#
###.#..#.##........#
..#(#..#.##..#.#####
..#.#..............#
#.#.##.#.#....#.##.#
.......#.........#.#
###.######......)#.#########
................@..........#
..###.......#..g.#.######.##
...##.#######....#.# #.#
.#.......).........# #.#
...##.#######.#..### #.#
.#..#.# #.#..## #.# ....#.#
#.#...# #.#
.#..#.#######.#...#######.##
............#<#............#


You could see a gnoll bouda.

Vanquished Creatures
  Jessica (D:3)
  2 gnolls
  An adder (D:2)
  2 worms
  6 orcs
  4 bats
  3 endoplasms
  A giant cockroach (D:1)
  7 goblins
  3 hobgoblins
  9 jackals
  9 kobolds
  5 quokkas
  6 ball pythons
  4 frilled lizards
63 creatures vanquished.

Vanquished Creatures (others)
  2 withered plants (D:3)
2 creatures vanquished.

Grand Total: 65 creatures vanquished

Notes
Turn   | Place    | Note
-------+----------+-------------------------------------------
     0 | D:1      | cforsyth the Human Fighter began the quest for the Orb.
     0 | D:1      | Reached XP level 1. HP: 18/18 MP: 1/1
    62 | D:1      | Reached XP level 2. HP: 24/24 MP: 2/2
   145 | D:1      | Found a faded altar of an unknown god.
   349 | D:1      | Reached XP level 3. HP: 28/29 MP: 3/3
  1212 | D:2      | Reached XP level 4. HP: 35/35 MP: 4/4
  1363 | D:2      | Found a stormy altar of Qazlal.
  1871 | D:3      | Found a runed translucent door.
  1871 | D:3      | Noticed bande's ghost (amateur GrFi)
  2760 | D:3      | Noticed Jessica
  2765 | D:3      | Reached XP level 5. HP: 36/41 MP: 5/5
  3217 | D:3      | Killed Jessica
  3299 | D:2      | HP: 1/42 [gnoll bouda/+0 whip (6)]
  3300 | D:2      | Slain by a gnoll bouda

Illustrated notes

Levels and vault maps discovered:
D:1:      scummos_arrival_hexagon, layout_loops_corners,
          hellmonk_ecumenical_altar_heavens_door, grunt_decor_junction
D:2:      layout_basic, basic_altar, hangedman_decor_riveting
D:3:      layout_basic, mainiacjoe_overflow_24_doors, gammafunk_ghost_grave,
          grunt_decor_fettered, st_stairs_12, uniq_jessica

Skill      XL: |  1  2  3  4  5 |
---------------+----------------+-----
Maces & Flails | 3 |  3.0
Fighting       | |  3.8
Armour         | |  3.8
Shields        | |  3.9

Action                     |  1- 3 |  4- 6 || total
---------------------------+-------+-------++-------
  Melee: Flail             |   101 |   132 ||   233
 Armour: Scale mail        |    54 |    82 ||   136
  Dodge: Dodged            |    45 |    78 ||   123
  Block: Buckler           |    23 |    42 ||    65

Table legend: (Time is in decaauts)
 A = Elapsed time spent in this place.
 B = Non-inter-level travel time spent in this place.
 C = Inter-level travel time spent in this place.
 D = Time resting spent in this place.
 E = Time spent auto-exploring this place.
 F = Levels seen in this place.
 G = Mean time per level.
                   A        B        C        D        E       F      G
               +--------+--------+--------+--------+--------+-----+--------+
         Total |   3385 |   3272 |    113 |   1024 |   1608 |   3 | 1128.3 |
       Dungeon |   3385 |   3272 |    113 |   1024 |   1608 |   3 | 1128.3 |
               +--------+--------+--------+--------+--------+-----+--------+

Top non-repeatable levels by time:
     D:2: 1939 daAuts
     D:1: 953 daAuts
     D:3: 492 daAuts
